 Dungeon Crawl Stone Soup version 0.30.1-9-gdf580d7c3d (webtiles) character file.

Game seed: 18104691865398616312

70 Peloso the Covered (level 4, -1/29 HPs)
             Began as a Gargoyle Fighter on Oct 16, 2023.
             Slain by an orc priest
             ... wielding a +2 mace of protection
              (2 damage)
             ... on level 2 of the Dungeon.
             The game lasted 00:03:59 (1694 turns).

Peloso the Covered (Gargoyle Fighter)               Turns: 1694, Time: 00:04:00

Health: -1/29      AC: 10    Str: 19    XL:     4   Next: 21%
Magic:  4/4        EV:  9    Int:  9    God:
Gold:   91         SH:  4    Dex: 11    Spells: 3/3 levels left

rFire   . . .        a - +0 long sword
rCold   . . .        c - +0 buckler
rNeg    + . .        b - +0 scale mail
rPois   ∞            (no helmet)
rElec   +            (no cloak)
rCorr   .            (no gloves)
SInv    .            (no boots)
Will    .....        j - amulet of the acrobat Stlth
                     (no ring)
HPRegen 0.24/turn    (no ring)
MPRegen 0.09/turn

%: acrobat
@: no status effects
A: sickness immunity, AC +3, negative energy resistance 1, electricity
resistance, torment resistance 1, petrification resistance
a: no special abilities


You were on level 2 of the Dungeon.
You visited 1 branch of the dungeon, and saw 3 of its levels.

You collected 91 gold pieces.

Inventory:

Hand Weapons
 a - a +0 long sword (weapon)
Armour
 b - a +0 scale mail (worn)
 c - a +0 buckler (worn)
Jewellery
 j - an amulet of the acrobat (around neck)
Wands
 l - a wand of polymorph (6)
Scrolls
 f - a scroll of teleportation
 k - a scroll of fear
 n - a scroll of noise {unknown}
 o - a scroll of blinking {unknown}
Potions
 d - a potion of might
 e - 3 potions of flight
 g - a potion of curing
 h - a potion of invisibility
 m - a potion of haste


   Skills:
 + Level 3.6 Fighting
 + Level 2.4 Long Blades
 + Level 4.0 Armour
 + Level 0.6 Dodging
 + Level 3.7 Shields


You had 3 spell levels left.
You didn't know any spells.
Your spell library contained the following spells:

 Spells                   Type           Power      Damage    Failure   Level
 Slow                     Hex            0%         N/A       83%         1
 Confusing Touch          Hex            0%         N/A       99%         3
 Vampiric Draining        Necr           0%         2d6       99%         3


Dungeon Overview and Level Annotations

Branches:
Dungeon (3/15)

Altars:

Shops:
D:1 (:=


Innate Abilities, Weirdness & Mutations

You are immune to sickness and miasma.
Your stone body is resilient. (AC +3)
You are immune to poison.
You resist negative energy. (rN+)
You are resistant to electric shocks. (rElec)
You are resistant to unholy torment.
You are immune to petrification.


Message History

You start resting.
HP restored.
You climb downwards.
There is a stone staircase leading up here.
You block the orc priest's attack.
You climb upwards.
There is a stone staircase leading down here.
Unknown command.
You barely miss the orc priest. The orc priest closely misses you.
The orc priest hits you with a +2 mace of protection.
You hit the orc priest but do no damage.
The orc priest invokes the aid of Beogh against you.
Pain shoots through your body!
You hit the orc priest but do no damage.
The orc priest hits you with a +2 mace of protection.
You hit the orc priest but do no damage.
The orc priest closely misses you. x2
You hit the orc priest but do no damage.
The orc priest hits you but does no damage.
You hit the orc priest but do no damage.
The orc priest mumbles some strange prayers to Beogh against you.
Pain shoots through your body!
You hit the orc priest but do no damage.
The orc priest hits you with a +2 mace of protection.
The orc priest mumbles some strange prayers to Beogh against you.
Pain shoots through your body!
You barely miss the orc priest. The orc priest barely misses you.
You hit the orc priest.
The orc priest is lightly wounded.
You block the orc priest's attack.
You barely miss the orc priest.
The orc priest is lightly wounded.
The orc priest hits you but does no damage.
The orc priest mumbles some strange prayers to Beogh against you.
Beogh smites you!
* * * LOW HITPOINT WARNING * * *
You hit the orc priest.
The orc priest is heavily wounded.
The orc priest hits you with a +2 mace of protection.
You die...

#.##.###.##.#
#........##.#
#............
##.......###.
#.......# #.
#.......###.
#.......#<..
#######.......#...
#@......###...#...
#[o.....# #...#...
#.†.....######....
#........# #....
#........#####.#..
#........##....#..
#..........###.#.#
#.......##.###.#.#
##########...#.#..


You could see an orc priest.

Vanquished Creatures
  A worm (D:2)
  3 dart slugs
  2 orcs (D:2)
  5 ball pythons (D:1)
  10 endoplasms
  A giant cockroach (D:2)
  2 goblins
  5 hobgoblins
  2 jackals (D:2)
  5 kobolds (D:1)
  4 quokkas (D:2)
  2 bats
  3 frilled lizards
  5 rats (D:1)
50 creatures vanquished.

Notes
Turn   | Place    | Note
-------+----------+-------------------------------------------
     0 | D:1      | Peloso the Gargoyle Fighter began the quest for the Orb.
     0 | D:1      | Reached XP level 1. HP: 14/14 MP: 1/1
    96 | D:1      | Reached XP level 2. HP: 5/19 MP: 2/2
   166 | D:1      | Found Qihotasuny's Jewellery Shop.
   363 | D:1      | Found Tazuen's Book Emporium.
   559 | D:1      | Found Popnapou's Antique Weapon Emporium.
   579 | D:1      | Reached XP level 3. HP: 23/23 MP: 3/3
   781 | D:2      | Reached skill level 4 in Armour
  1103 | D:2      | Reached XP level 4. HP: 26/29 MP: 4/4
  1311 | D:2      | Found a faded altar of an unknown god.
  1693 | D:2      | HP: 1/29 [orc priest/divine providence (12)]
  1694 | D:2      | Slain by an orc priest

Illustrated notes

Levels and vault maps discovered:
D:1:      mushboom_english_gardens, layout_basic, serial_shops,
          nicolae_shop_advertising_works [nicolae_subvault_shop_adworks], shop,
          nicolae_shop_peninsula
D:2:      layout_basic, ebering_ecumenical_altar_mist
D:3:      layout_loops_ring, gammafunk_temple_overflow_statue,
          lemuel_crystal_altar, minmay_crystal_room, uniq_robin, uniq_ijyb

Skill      XL: |  1  2  3 |
---------------+----------+-----
Long Blades    | 2 |  2.4
Armour         | 4 |  4.0
Fighting       | |  3.6
Dodging        | |  0.6
Shields        | |  3.7

Action                     |  1- 3 |  4- 6 || total
---------------------------+-------+-------++-------
  Melee: Long sword        |   145 |    38 ||   183
    Use: Potion            |     2 |       ||     2
         Scroll            |     1 |     4 ||     5
 Armour: Scale mail        |    69 |    21 ||    90
  Dodge: Dodged            |    89 |    23 ||   112
  Block: Buckler           |    36 |     8 ||    44
